 Dungeon Crawl Stone Soup version 0.31-a0-233-g139696dc86 (webtiles) character file.

Game seed: 10737760802445926840

174 qw the Shooter (level 5, -2/45 HPs)
             Began as a Minotaur Hexslinger on July 9, 2023.
             Slain by Edmund
             ... wielding a +4 heavy flail
              (8 damage)
             ... on level 4 of the Dungeon.
             The game lasted 00:01:05 (2907 turns).

qw the Shooter (Minotaur Hexslinger)                Turns: 2907, Time: 00:01:06

Health: -2/45      AC:  3    Str: 13    XL:     5   Next: 28%
Magic:  5/5        EV: 12    Int: 10    God:
Gold:   197        SH:  0    Dex: 14    Spells: 5/6 levels left

rFire   + . .        Y - +1 sling
rCold   . . .        (no shield)
rNeg    + . .        e - +0 leather armour {rF+}
rPois   .            (helmet restricted)
rElec   .            (no cloak)
rCorr   +            (no gloves)
SInv    .            (no boots)
Will    .....        (no amulet)
Stlth   +            a - ring of positive energy
HPRegen 0.27/turn    f - ring of resist corrosion
MPRegen 0.09/turn

%: no passive effects
@: no status effects
A: horns 2, retaliatory headbutt
a: no special abilities


You were on level 4 of the Dungeon.
You visited 1 branch of the dungeon, and saw 4 of its levels.

You collected 197 gold pieces.


Innate Abilities, Weirdness & Mutations

You have a pair of horns on your head.
You reflexively headbutt those who attack you in melee.


   Skills:
 - Level 3.3 Fighting
 + Level 5.2 Ranged Weapons
 - Level 1.0 Armour
 - Level 2.1 Dodging
 - Level 1.0 Spellcasting
 - Level 2.0 Hexes


You had 5 spell levels left.
You knew the following spells:

 Your Spells              Type           Power      Damage    Failure   Level
a - Slow                  Hex            16%        N/A       19%         1

Your spell library contained the following spells:

 Spells                   Type           Power      Damage    Failure   Level
 Inner Flame              Hex/Fire       2%         N/A       65%         3
 Portal Projectile        Hex/Tloc       4%         N/A       65%         3
 Cause Fear               Hex            2%         N/A       88%         4

Inventory:

Hand Weapons
 Y - a +1 sling (weapon)
Armour
 e - a +0 leather armour of fire resistance (worn)
 g - a +0 ring mail
Jewellery
 a - a ring of positive energy (left hand)
 f - a ring of resist corrosion (right hand)
Scrolls
 d - 2 scrolls of identify
 k - a scroll of enchant weapon {unknown}
Potions
 b - a potion of ambrosia {unknown}
 c - a potion of might
 h - a potion of brilliance {unknown}
 i - 3 potions of cancellation {unknown}
 j - a potion of mutation {unknown}

Dungeon Overview and Level Annotations

Branches:
Dungeon (4/15)
 Temple: D:4-7

Altars:
Fedhas
Nemelex Xobeh
Trog
Zin

Annotations:
D:4 Edmund


Message History

Edmund is lightly wounded.
A quokka comes into view.
You shoot a sling bullet. The sling bullet hits Edmund.
Edmund is lightly wounded.
Edmund misses you.
You shoot a sling bullet.
The sling bullet hits Edmund but does no damage.
Edmund is lightly wounded.
Edmund hits you with a +4 heavy flail.
You shoot a sling bullet. The sling bullet hits Edmund!
Edmund is moderately wounded.
You shoot a sling bullet. The sling bullet hits Edmund.
Edmund is moderately wounded.
Edmund hits you with a +4 heavy flail!
You shoot a sling bullet.
The sling bullet hits Edmund but does no damage.
Edmund is moderately wounded.
Edmund hits you with a +4 heavy flail! The quokka bites you.
You shoot a sling bullet. The sling bullet closely misses Edmund.
The quokka barely misses you. Edmund completely misses you.
The quokka barely misses you.
You shoot a sling bullet. The sling bullet hits Edmund.
Edmund is heavily wounded.
The quokka closely misses you. Edmund hits you with a +4 heavy flail.
You shoot a sling bullet.
The sling bullet hits Edmund but does no damage.
Edmund is heavily wounded.
The quokka misses you. x2; Edmund hits you with a +4 heavy flail.
You shoot a sling bullet. The sling bullet hits Edmund.
Edmund is heavily wounded.
The quokka bites you.
You shoot a sling bullet.
The sling bullet hits Edmund but does no damage.
Edmund is heavily wounded.
The quokka barely misses you. Edmund closely misses you. The quokka bites you.
You shoot a sling bullet.
The sling bullet hits Edmund but does no damage.
Edmund is heavily wounded.
Edmund hits you with a +4 heavy flail!
You die...

####### ....... ....... .......
....... ############r...... ..
...........@@...... ..#
............###.... ..
#########..##^## . ..
##..##^..## +## #.
###..##.._^.## ...# #.
##...##.^.....##...# #.
#...##..^......##..#####.
##+####.#.#..^#####...#.##.....
#.........##.'#.#.#'.##.##.....


You could see Edmund and a quokka.

Vanquished Creatures
  An iguana (D:4)
  6 adders
  3 worms
  A dart slug (D:1)
  9 orcs
  4 endoplasms
  4 giant cockroaches
  5 goblins
  4 hobgoblins
  10 quokkas
  8 ball pythons
  8 bats
  6 frilled lizards (D:1)
  2 kobolds
  3 rats
74 creatures vanquished.

Notes
Turn   | Place    | Note
-------+----------+-------------------------------------------
     0 | D:1      | qw the Minotaur Hexslinger began the quest for the Orb.
     0 | D:1      | Reached XP level 1. HP: 16/16 MP: 1/1
     0 | D:1      | 0 ||| qw: Version: 0.3-a-51-g015441d
     0 | D:1      | 0 ||| qw: Game counter: 3925
     0 | D:1      | 0 ||| qw: Melee chars always use a shield: true
     0 | D:1      | 0 ||| qw: God list: Okawaru
     0 | D:1      | 0 ||| qw: Allow faded altars: false
     0 | D:1      | 0 ||| qw: Do Orc after clearing Dungeon:15 true
     0 | D:1      | 0 ||| qw: Do second Lair branch before Depths: true
     0 | D:1      | 0 ||| qw: Lair rune preference: random
     0 | D:1      | 0 ||| qw: Goals: Normal
     0 | D:1      | 0 ||| PLANNING D:1-11
    88 | D:1      | Reached skill level 3 in Ranged Weapons
    88 | D:1      | Reached XP level 2. HP: 20/23 MP: 2/2
    88 | D:1      | 88 ||| FLEEEEING.
   637 | D:1      | 637 ||| UPGRADING to +0 ring mail.
   647 | D:1      | 647 ||| DROPPING +0 robe.
   648 | D:1      | 648 ||| READING scroll labelled HONU GACAGEN.
   649 | D:1      | 649 ||| READING scroll labelled EBIASTRA ASTRIOC.
   650 | D:1      | 650 ||| READING scroll labelled SYALIO QOCYXT.
   651 | D:1      | 651 ||| READING scroll labelled ZUISAI UMAT.
   652 | D:1      | 652 ||| DROPPING scroll of poison.
   706 | D:2      | Reached XP level 3. HP: 26/29 MP: 3/3
   822 | D:2      | Reached skill level 4 in Ranged Weapons
   994 | D:2      | Reached skill level 1 in Armour
  1163 | D:2      | Reached XP level 4. HP: 36/36 MP: 4/4
  1236 | D:2      | Found a faded altar of an unknown god.
  1291 | D:2      | 1291 ||| UPGRADING to ring of positive energy.
  1292 | D:2      | 1292 ||| UPGRADING to ring of resist corrosion.
  1293 | D:2      | 1293 ||| READING scroll labelled SOSOUT VOLA.
  1294 | D:2      | 1294 ||| DRINKING 2 amethyst potions.
  1374 | D:3      | Found a glowing silver altar of Zin.
  1740 | D:3      | Reached skill level 5 in Ranged Weapons
  2042 | D:3      | 2042 ||| UPGRADING to +0 leather armour of fire resistance.
  2135 | D:4      | Found a bloodstained altar of Trog.
  2135 | D:4      | Found a blossoming altar of Fedhas.
  2233 | D:4      | HP: 2/37 [iguana (9)]
  2235 | D:4      | Reached skill level 3 in Fighting
  2235 | D:4      | Reached XP level 5. HP: 2/45 MP: 5/5
  2514 | D:4      | Found a sparkling altar of Nemelex Xobeh.
  2543 | D:4      | HP: 10/45 [orc/+0 flail (4)]
  2891 | D:4      | Noticed Edmund
  2904 | D:4      | HP: 9/45 [Edmund/+4 heavy flail (4)]
  2907 | D:4      | Slain by Edmund

Levels and vault maps discovered:
D:1:      dpeg_arrival_rooms_c, layout_loops_cross, st_stairs_5
D:2:      layout_basic, chequers_ecumenical_altar_simple_redux
D:3:      layout_basic, mainiacjoe_overflow_catwalk, minivault_14,
          hangedman_decor_growths, reono_crystal_passage
D:4:      layout_basic, nemelex_spade_bored_becter,
          gammafunk_temple_overflow_statue, grunt_ministairs_2, uniq_edmund

Skill      XL: |  1  2  3  4 |
---------------+-------------+-----
Ranged Weapons | 3 4 5 |  5.2
Fighting       | 2 3 |  3.3
Armour         | 1 |  1.0
Dodging        | |  2.1
Spellcasting   | |  1.0
Hexes          | |  2.0

Action                     |  1- 3 |  4- 6 || total
---------------------------+-------+-------++-------
   Fire: Sling             |   109 |   149 ||   258
    Use: Scroll            |     4 |     1 ||     5
         Potion            |       |     1 ||     1
 Armour: Robe              |     9 |       ||     9
         Ring mail         |    20 |    22 ||    42
         Leather armour    |       |     1 ||     1
  Dodge: Dodged            |    57 |    62 ||   119

Table legend:
 A = Non-vault XP
 B = Vault XP
 C = Vault XP percentage of total XP
 D = Non-vault monster count
 E = Vault monster count
 F = Vault count percentage of total count
                 A         B        C        D         E       F
            +---------+---------+-------+---------+---------+-------
      Total |     206 |      43 |  17.3 |      69 |       5 |   6.8
            +---------+---------+-------+---------+---------+-------
        D:1 |      35 |       4 |  10.3 |      21 |       3 |  12.5
        D:2 |      65 |       0 |   0.0 |      16 |       0 |   0.0
        D:3 |      75 |       0 |   0.0 |      20 |       0 |   0.0
        D:4 |      31 |      39 |  55.7 |      12 |       2 |  14.3
            +---------+---------+-------+---------+---------+-------
